 Dungeon Crawl Stone Soup version 0.29-a0-91-gdebf4667c2 (webtiles) character file.

Game seed: 9966944223691381608

85 lunkers the Insei (level 4, -5/32 HPs)
             Began as a Merfolk Transmuter on Feb 7, 2022.
             Slain by an ice beast (7 damage)
             ... on level 3 of the Dungeon.
             The game lasted 00:03:30 (2837 turns).

lunkers the Insei (Merfolk Transmuter)              Turns: 2837, Time: 00:03:31

Health: -5/32      AC:  2    Str: 10    XL:     4   Next: 48%
Magic:  3/7        EV: 12    Int: 14    God:
Gold:   118        SH:  0    Dex: 14    Spells: 1/7 levels left

rFire   . . .      SeeInvis .     - Unarmed
rCold   . . .      Faith    .   (no shield)
rNeg    . . .      Spirit   .   a - +0 robe
rPois   .          Reflect  .   (no helmet)
rElec   .          Harm     .   (no cloak)
rCorr   .          Rampage  .   (no gloves)
Will    .....                   (no boots)
Stlth   +.........              (no amulet)
HPRegen 0.10/turn               (no ring)
MPRegen 0.10/turn               (no ring)

@: no status effects
A: (nimble swimmer 2), mertail
a: no special abilities


You were on level 3 of the Dungeon.
You visited 1 branch of the dungeon, and saw 3 of its levels.

You collected 118 gold pieces.

Inventory:

Armour
 a - a +0 robe (worn)
Scrolls
 f - a scroll of fog
Potions
 d - 2 potions of attraction {unknown}
 e - 2 potions of brilliance
 g - a potion of cancellation {unknown}
 h - a potion of curing {unknown}
 i - a potion of resistance {unknown}
 j - a potion of flight {unknown}


   Skills:
 - Level 1.1 Fighting
 - Level 2.6 Dodging
 * Level 5.0 Unarmed Combat
 - Level 2.0 Spellcasting
 + Level 4.1 Transmutations


You had one spell level left.
You knew the following spells:

 Your Spells              Type           Power      Damage    Failure   Level
b - Wereblood             Tmut           12%        N/A       7%          2
c - Spider Form           Tmut/Pois      7%         N/A       30%         3
p - Beastly Appendage     Tmut           24%        N/A       4%          1

Your spell library contained the following spells:

 Spells                   Type           Power      Damage    Failure   Level
 Pain                     Necr           4%         1d4       24%         1
 Ice Form                 Ice/Tmut       7%         N/A       71%         4
 Agony                    Necr           1%         N/A       100%        5
 Excruciating Wounds      Necr           0%         N/A       100%        5


Dungeon Overview and Level Annotations

Branches:
Dungeon (3/15)

Altars:
The Shining One


Innate Abilities, Weirdness & Mutations

((You are very nimble when in or above water. (Stealth+, EV+, Speed+++)))
Your lower body shifts to a powerful aquatic tail in water.


Message History

You hit the ice beast.
The ice beast is moderately wounded.
The ice beast hits you but does no damage.
You barely miss the ice beast.
The ice beast is moderately wounded.
The ice beast misses you.
You barely miss the ice beast.
The ice beast is moderately wounded.
Your transformation is almost over.
The ice beast hits you. The ice beast freezes you!
You hit the ice beast.
The ice beast is heavily wounded.
The ice beast hits you. The ice beast freezes you!
* * * LOW HITPOINT WARNING * * *
You hit the ice beast but do no damage.
The ice beast is heavily wounded.
The ice beast hits you.
* * * LOW HITPOINT WARNING * * *
The ice beast freezes you.
* * * LOW HITPOINT WARNING * * *
Your magical contamination has completely faded away.
Bite: -) Fangs (venom)
Press: ? - help, Dir - move target, f - you
Okay, then.
There is a stone staircase leading down here.
Items here: ( )) †.
Your transformation has ended.
Your +0 robe unmelds from your body.
There is a stone staircase leading up here.
The ice beast looks more healthy.
You see here a scroll of identify.
You barely miss the ice beast.
The ice beast is almost dead.
The ice beast barely misses you.
You barely miss the ice beast.
The ice beast is almost dead.
The ice beast hits you.
* * * LOW HITPOINT WARNING * * *
The ice beast freezes you!
You die...

#.#.#.#.....##
#.#
.#.#.#......#
.#
#.#.#?#...<.#
#.#.#......###.
#.#.#.?........
#.#......#####
.#.#.....#
#.#.Y#####
#.#.#@#
........#
#########


You could see an ice beast.

Vanquished Creatures
  Jessica (D:2)
  An adder (D:2)
  3 dart slugs
  5 bats
  An endoplasm (D:2)
  3 giant cockroaches (D:1)
  6 hobgoblins
  A quokka (D:1)
  5 ball pythons
  7 frilled lizards
  7 goblins
  A kobold (D:1)
  5 rats
46 creatures vanquished.

Notes
Turn   | Place    | Note
-------+----------+-------------------------------------------
     0 | D:1      | lunkers the Merfolk Transmuter began the quest for the Orb.
     0 | D:1      | Reached XP level 1. HP: 15/15 MP: 3/3
   152 | D:1      | Reached XP level 2. HP: 20/21 MP: 3/5
   289 | D:1      | Found a faded altar of an unknown god.
   478 | D:1      | Reached skill level 4 in Unarmed Combat
   496 | D:1      | Learned a level 2 spell: Wereblood
   786 | D:1      | Reached XP level 3. HP: 26/26 MP: 4/6
   790 | D:1      | Learned a level 3 spell: Spider Form
  1675 | D:2      | Found a glowing golden altar of the Shining One.
  2264 | D:2      | Noticed Jessica
  2269 | D:2      | Killed Jessica
  2270 | D:2      | Reached XP level 4. HP: 32/32 MP: 5/7
  2274 | D:2      | Reached skill level 5 in Unarmed Combat
  2804 | D:3      | Noticed an ice beast
  2837 | D:3      | Slain by an ice beast

Illustrated notes

Levels and vault maps discovered:
D:1:      wander_arrival_peaceful_grave, layout_basic,
          ebering_ecumenical_altar_webs, minmay_pentomino_o4
D:2:      layout_basic, basic_altar, dk_vineyard_1, uniq_jessica
D:3:      layout_rooms, general_overflow_altar, ebering_ghost_rock_garden,
          minivault_23, minmay_randomly_rotated_circles

Skill      XL: |  1  2  3  4 |
---------------+-------------+-----
Transmutations | 3 4 |  4.1
Unarmed Combat | 4 5 |  5.0
Fighting       | |  1.1
Dodging        | |  2.6
Spellcasting   | |  2.0

Action                   |  1- 3 |  4- 6 || total
-------------------------+-------+-------++-------
Melee: Unarmed           |   116 |    18 ||   134
       Headbutt          |    17 |     3 ||    20
       Punch             |     1 |     1 ||     2
 Cast: Beastly Appendage |    32 |     2 ||    34
       Spider Form       |       |     1 ||     1
  Use: Scroll            |       |     3 ||     3
 Stab: Sleeping          |     1 |       ||     1
       Distracted        |     1 |       ||     1
Armor: Robe              |    22 |     4 ||    26
       Skin              |       |     2 ||     2
Dodge: Dodged            |    81 |    15 ||    96

Table legend: (Time is in decaauts)
 A = Elapsed time spent in this place.
 B = Non-inter-level travel time spent in this place.
 C = Inter-level travel time spent in this place.
 D = Time resting spent in this place.
 E = Time spent auto-exploring this place.
 F = Levels seen in this place.
 G = Mean time per level.
                   A        B        C        D        E       F      G
               +--------+--------+--------+--------+--------+-----+--------+
         Total |   2825 |   2744 |     81 |      0 |   2383 |   3 |  941.7 |
       Dungeon |   2825 |   2744 |     81 |      0 |   2383 |   3 |  941.7 |
               +--------+--------+--------+--------+--------+-----+--------+

Top non-repeatable levels by time:
     D:1: 1356 daAuts
     D:2: 1301 daAuts
     D:3: 167 daAuts
